 Dungeon Crawl Stone Soup version 0.21.0-30-g47ce8e4 (webtiles) character file.

581095 myopia the Acrobat (level 27, -3/201 HPs)
             Began as a Halfling Hunter on Jan 13, 2018.
             Was an Elder of Okawaru.
             Slain by a golden dragon skeleton (20 damage)
             ... summoned by a greater mummy
             ... on level 1 of the Tomb of the Ancients on Jan 28, 2018.
             The game lasted 10:03:46 (78708 turns).

myopia the Acrobat (Halfling Hunter)               Turns: 78708, Time: 10:03:47

Health: -3/201     AC: 23    Str: 13      XL:     27
Magic:  13/35      EV: 41    Int:  3 (6)  God:    Okawaru [****..]
Gold:   5744       SH: 24    Dex: 39 (41) Spells: 10/42 levels left

rFire    + . .     SeeInvis +   C - +10 hunting sling of Okawaru's Reproof {freeze, rC+ Int+2}
rCold    + + +     Gourm    .   W - +5 shield {AC+3}
rNeg     + + +     Faith    .   K - +5 ring mail of the Vacuum {+Inv Int-5 Dex+5}
rPois    +         Spirit   .   g - +2 hat of Etujus {Dex+2}
rElec    +         Reflect  .   H - scarf {rC+ rF+}
rCorr    .         Harm     .   n - +2 pair of gloves {archery}
MR       +++..                  F - +0 pair of boots {Stlth+}
Stlth    ++++......             G - amulet "Waotretwe" {RegenMP *Slow rElec rN+++ SInv}
HPRegen  0.43/turn              z - ring "Wagegam" {rPois EV+3 Dex+2}
MPRegen  0.49/turn              i - ring of Omua {rC+ MR+ Dex+4}

@: flayed, studying Unarmed Combat
A: small, hooves 1, blurry vision 1, mutation resistance 1, poison resistance
}: 3/15 runes: decaying, silver, gossamer
a: Heroism, Renounce Religion, Evoke Invisibility


You were on level 1 of the Tomb of the Ancients.
You worshipped Okawaru.
Okawaru was greatly pleased with you.
You were not hungry.

You visited 11 branches of the dungeon, and saw 49 of its levels.
You visited the Abyss 1 time.
You also visited: Ice Cave.

You collected 7641 gold pieces.
You spent 1897 gold pieces at shops.

Inventory:

Hand Weapons
 d - the +8 falchion "Koinorgh" {freeze, +Inv +Fly}
   (You took it off a mummy priest on level 3 of the Crypt)

   It has been specially enchanted to freeze those struck by it, causing extra
   injury to most foes and up to half again as much damage against particularly
   susceptible opponents.
   It can also slow down cold-blooded creatures.
   It lets you turn invisible.
   It lets you fly.
 C - the +10 hunting sling of Okawaru's Reproof (weapon) {freeze, rC+ Int+2}
   (Okawaru gifted it to you on level 6 of the Lair of Beasts)

   It causes projectiles fired from it to freeze those they strike, causing
   extra injury to most foes and up to half again as much damage against
   particularly susceptible opponents.
   They can also slow down cold-blooded creatures.
   It affects your intelligence (+2).
   It protects you from cold.
Missiles
 k - 409 stones
 q - 24 sling bullets (quivered)
Armour
 g - the +2 hat of Etujus (worn) {Dex+2}
   (You acquired it on level 11 of the Dungeon)

   It affects your dexterity (+2).
 n - a +2 pair of gloves of archery (worn)
 F - a +0 pair of boots of stealth (worn)
 H - a scarf of resistance (worn)
 K - the +5 ring mail of the Vacuum (worn) {+Inv Int-5 Dex+5}
   (You bought it in a shop on level 5 of the Dungeon)

   It affects your intelligence (-5).
   It affects your dexterity (+5).
   It lets you turn invisible.
 L - a +2 cloak of magic resistance
 M - the +15 Maxwell's patent armour {-Cast -Tele rElec MR+ rCorr}
   (You found it on level 3 of the Elven Halls)

   It insulates you from electricity.
   It affects your resistance to hostile enchantments.
   It prevents spellcasting.
   It prevents most forms of teleportation.
   It protects you from acid and corrosion.
 V - the +0 pair of boots "Nebeadakh" {rN+ rCorr Str-3 Int+2}
   (Okawaru gifted it to you on level 3 of the Crypt)

   It affects your strength (-3).
   It affects your intelligence (+2).
   It protects you from negative energy.
   It protects you from acid and corrosion.
 W - a +5 shield of protection (worn)
Jewellery
 a - the ring "Qobej" {Ice +Fly rPois Str+5 Stlth-}
   (You found it on level 3 of the Spider Nest)

   [ring of ice]

   It enhances your ice magic.
   It affects your strength (+5).
   It makes you vulnerable to fire.
   It protects you from cold.
   It protects you from poison.
   It lets you fly.
   It makes you less stealthy.
 b - a ring of the Octopus King {rCorr AC+1 EV+1 Str+1 Int+1 Dex+1}
   (You bought it in a shop on level 3 of the Elven Halls)

   [ring of resist corrosion]

   It affects your AC (+1).
   It affects your evasion (+1).
   It affects your strength (+1).
   It affects your intelligence (+1).
   It affects your dexterity (+1).
 i - the ring of Omua (right hand) {rC+ MR+ Dex+4}
   (You took it off a deep elf archer on level 3 of the Elven Halls)

   [ring of protection from magic]

   It affects your dexterity (+4).
   It protects you from cold.
   It affects your resistance to hostile enchantments.
 x - an uncursed amulet of regeneration
 z - the ring "Wagegam" (left hand) {rPois EV+3 Dex+2}
   (You found it on level 2 of the Depths)

   [ring of evasion]

   It affects your evasion (+3).
   It affects your dexterity (+2).
   It protects you from poison.
 G - the amulet "Waotretwe" (around neck) {RegenMP *Slow rElec rN+++ SInv}
   (You took it off a vampire mage on level 3 of the Crypt)

   [amulet of magic regeneration]

   It increases your magic regeneration.
   It insulates you from electricity.
   It renders you almost immune to negative energy.
   It lets you see invisible.
   It may slow you when you take damage.
 I - the amulet "Boiroorgh" {Faith rN+ Dex+4}
   (You found it on level 2 of the Depths)

   [amulet of faith]

   It allows you to gain divine favour quickly.
   It affects your dexterity (+4).
   It protects you from negative energy.
 N - an uncursed ring of fire
 O - a +6 amulet of reflection
 P - the amulet "Tikkapija" {RegenMP Int+3}
   (You found it on level 3 of the Spider Nest)

   [amulet of magic regeneration]

   It increases your magic regeneration.
   It affects your intelligence (+3).
 R - the ring of Aloic {AC+5 Str-4 Dex+5}
   (You found it on level 5 of the Vaults)

   [ring of protection]

   It affects your AC (+5).
   It affects your strength (-4).
   It affects your dexterity (+5).
Wands
 j - a wand of digging (56)
 l - a wand of scattershot (15)
 y - a wand of disintegration (43)
 J - a wand of polymorph (33)
 U - a wand of paralysis (14)
 Z - a wand of iceblast (16)
Scrolls
 h - 24 scrolls of remove curse
 o - 2 scrolls of holy word
 s - 2 scrolls of teleportation
 t - 10 scrolls of magic mapping
 w - 15 scrolls of amnesia
 D - 5 scrolls of enchant weapon
 T - 7 scrolls of identify
 X - 3 scrolls of summoning
 Y - a scroll of silence
Potions
 c - 12 potions of haste
 e - 9 potions of curing
 m - a potion of brilliance
 r - 3 potions of resistance
 u - 3 potions of might
 v - 8 potions of flight
 B - 5 potions of cancellation
 Q - 2 potions of berserk rage
 S - 2 potions of mutation
Books
 p - a manual of Unarmed Combat
Comestibles
 f - 66 rations


   Skills:
 - Level 20.0 Fighting
 - Level 22.0 Slings
 - Level 14.0 Armour
 - Level 22.2 Dodging
 - Level 1.1 Stealth
 - Level 22.0 Shields
 - Level 8.0 Spellcasting
 - Level 8.0 Hexes
 + Level 8.3 Charms
 - Level 6.3 Necromancy
 - Level 10.0 Translocations
 - Level 3.0 Ice Magic
 - Level 7.2 Air Magic
 - Level 8.6 Invocations


You had 10 spell levels left.
You knew the following spells:

 Your Spells              Type           Power        Failure   Level  Hunger
a - Infusion              Chrm           #...         1%          1    ##.....
b - Ozocubu's Armour      Chrm/Ice       #.......     13%         3    ####...
c - Summon Butterflies    Summ           #.......     41%         1    ##.....
d - Swiftness             Chrm/Air       #.......     2%          2    ###....
e - Portal Projectile     Hex/Tloc       #.....       3%          3    ####...
f - Recall                Summ/Tloc      N/A          17%         3    ####...
g - Silence               Hex/Air        #.........   47%         5    ######.
h - Deflect Missiles      Chrm/Air       #.........   95%         6    #######
i - Summon Guardian Gole  Hex/Summ       #.......     26%         3    ####...
j - Shroud of Golubria    Chrm/Tloc      #.........   1%          2    ###....
k - Regeneration          Chrm/Necr      #.........   6%          3    ####...


Dungeon Overview and Level Annotations

Branches:
Dungeon (15/15)            Temple (1/1) D:6            Lair (6/6) D:8
  Swamp (4/4) Lair:3       Spider (4/4) Lair:2        Slime (0/5) Lair:6
    Orc (2/2) D:9             Elf (3/3) Orc:2        Vaults (5/5) D:14
  Crypt (3/3) Vaults:3       Tomb (1/3) Crypt:3      Depths (5/5) D:15
    Zot (0/5) Depths:5

Altars:
Ashenzari
Cheibriados
Dithmenos
Elyvilon
Fedhas
Gozag
Hepliaklqana
Kikubaaqudgha
Makhleb
Nemelex Xobeh
Okawaru
Qazlal
Ru
Sif Muna
Trog
Uskayaw
Vehumet
Wu Jian
Xom
Yredelemnul
Zin
The Shining One
Beogh
Jiyva

Shops:
D:5 [   D:13 !   Orc:2 %!(%(   Elf:2 *!   Elf:3 (}=}   Vaults:1 }
Vaults:5 %%!

Portals:
Hell: Depths:1 Depths:2 Depths:3 Depths:4 Depths:5
Abyss: Depths:4
Pandemonium: Depths:1 Depths:3 Depths:4 Depths:5
Ziggurat: Depths:3


Innate Abilities, Weirdness & Mutations

You are small and have problems with some larger weapons.
You are somewhat resistant to further mutation.
You have large cloven feet.
Scrolls take you a little longer to read.
Your system is resistant to poisons. (rPois)


Message History

The golden dragon skeleton completely misses you.
The golden dragon skeleton claws you but does no damage.
The golden dragon skeleton misses you.
Firing (i - inventory. (,) - cycle):
q - 25 sling bullets (quivered)
Press: ? - help, Shift-Dir - straight line, f/p - greater mummy
Aim: a greater mummy (almost destroyed)
You magically shoot a sling bullet.
The sling bullet hits the greater mummy.
The sling bullet freezes the greater mummy.
The greater mummy is almost destroyed.
You are no longer teleporting projectiles to their destination.
The harpy zombie completely misses you. x2
The greater mummy gestures wildly while chanting.
Wield which item (- for none, * to show all)? (? for menu, Esc to quit)
Okay, then.
You feel better.
The harpy zombie disappears in a puff of smoke!
You block the flayed ghost's attack. You block the jiangshi's attack.
The jiangshi misses you. The golden dragon skeleton bites you!!
You die...

,,,*,,,,,**,,,*#.........#
*,,,*,,,**,,,,*#.........#
**,,,****,,,,,*#.........#
**,,,,,,,,*,,*#.........#
**,,,,,,**,,*#.........#
************#.........#
################W...Z....#
................nV.......#
................@WM......#
................Z§W......#
..................(W.....#
.........................#
....................(....#
.....................(...#
......................(..#
.......................(.#
....(....[...............#


You could see a greater mummy, a jiangshi, 2 flayed ghosts, a phantasmal
warrior, a necrophage, a shadow, a stone giant simulacrum and a golden dragon
skeleton.

Vanquished Creatures
  3 greater mummies
  Saint Roka (Crypt:2)
  Bai Suzhen (Spider:3)
  The ghost of barbarian the Formicid Cataclysm, a veteran FoFi of Qazlal (Elf:1)
  5 golden dragons
  A bone dragon (Depths:4)
  the Enchantress (Depths:3)
  Arachne (Spider:2)
  A shard shrike zombie (Crypt:3)
  Jorgrun (Vaults:1)
  5 tentacled monstrosities
  Rupert (Lair:5)
  8 titans
  A deep elf master archer (Elf:3)
  6 liches
  Asterion (Vaults:1)
  The ghost of Gorice the Cruncher, an adept DsWn of Kikubaaqudgha (Swamp:4)
  A quicksilver dragon (Vaults:5)
  11 sphinxes
  A tentacled starspawn (Abyss:4)
  5 shadow dragons
  5 tengu reavers
  An ancient champion (Crypt:2)
  Donald (Swamp:2)
  A storm dragon (Vaults:4)
  3 thorn hunters
  2 revenants
  4 ghost moths
  9 frost giants
  18 vault wardens
  11 fire giants
  9 deep elf sorcerers
  An iron dragon (Depths:2)
  A draconian knight (Depths:5)
  4 emperor scorpions
  3 curse skulls
  A draconian shifter (Depths:5)
  A balrug (Depths:3)
  18 ironheart preservers
  8 deep elf elementalists
  3 ghouls
  5 spriggan defenders
  4 war gargoyles
  4 entropy weavers
  A stone giant (shapeshifter) (D:13)
  26 very ugly things
  28 stone giants
  2 bennus (Tomb:1)
  2 vampire knights (Crypt:2)
  Nessos (D:12)
  2 green draconians (Depths:4)
  4 deep elf demonologists (Elf:3)
  A black draconian (Depths:5)
  A dire elephant (D:15)
  9 deep elf annihilators (Elf:3)
  A yellow draconian (Depths:4)
  2 white draconians (Depths:5)
  7 spark wasps
  7 eidola
  15 ettins
  Snorg (Lair:6)
  11 deep elf death magi
  11 mummy priests
  A merfolk javelineer (Depths:1)
  Josephine (D:14)
  7 jiangshi
  12 ogre magi
  2 merfolk impalers
  10 fire dragons
  15 yaktaur captains
  5 deep elf high priests (Elf:3)
  Fannar (Orc:1)
  10 great orbs of eyes
  3 rakshasas
  6 ice dragons
  A ghost crab (Swamp:4)
  14 centaur warriors
  5 spriggan air magi
  42 vault guards
  A hell beast (Depths:5)
  21 hydras
  Erica (Lair:2)
  6 death knights
  37 two-headed ogres
  23 dancing weapons
  7 death yaks
  11 deep troll shamans
  13 alligators
  A satyr (shapeshifter) (Vaults:4)
  13 vampire magi
  8 deep troll earth magi
  A queen ant (Spider:1)
  2 orc high priests (Crypt:3)
  4 thrashing horrors
  12 spriggan berserkers
  5 tengu warriors
  2 titan zombies
  27 spriggans
  3 soul eaters
  A sun demon (Depths:3)
  2 iron trolls (Depths:3)
  9 deep elf knights
  4 shadow wraiths
  23 skeletal warriors
  5 hell knights
  A wretched star (Abyss:4)
  5 salamander mystics
  An anaconda zombie (Crypt:1)
  34 deep trolls
  10 swamp dragons
  An unseen horror (D:14)
  12 flayed ghosts
  An infernal demonspawn (Depths:3)
  6 wizards
  A gelid demonspawn (Depths:1)
  2 spriggan druids (Depths:4)
  2 starcursed masses (Abyss:4)
  22 deep elf archers
  4 shambling mangroves
  6 glowing orange brains
  18 ironbrand convokers
  A lindwurm (Lair:6)
  10 phantasmal warriors
  A golden dragon skeleton (Depths:3)
  16 orb spiders
  11 orc sorcerers
  5 necromancers
  An oklob plant (Lair:6)
  11 orc knights
  29 wolf spiders
  68 deep elf magi
  3 harpies (Vaults:4)
  A shadow dragon skeleton (Crypt:2)
  A shining eye (shapeshifter) (Depths:2)
  A salamander (shapeshifter) (Vaults:1)
  8 cyclopes
  3 moths of wrath
  3 manticores (D:15)
  17 elephants (Lair:6)
  14 salamanders
  33 ugly things
  A water nymph (shapeshifter) (Depths:2)
  2 ice statues (IceCv)
  Joseph (D:8)
  A fire giant skeleton (Crypt:2)
  A stone giant skeleton (Crypt:1)
  6 torpor snails
  12 vault sentinels
  Maurice (D:8)
  An orange demon (Depths:1)
  A guardian serpent (shapeshifter) (Vaults:1)
  3 large abominations
  4 black mambas (Lair:6)
  4 molten gargoyles
  A rust devil (Depths:5)
  2 gargoyles
  A dire elephant skeleton (Crypt:1)
  A swamp worm zombie (Crypt:1)
  12 spiny frogs
  A spiny frog (shapeshifter) (Elf:3)
  5 spectral swamp worms
  19 eyes of devastation
  A hellion (Depths:1)
  2 rime drakes
  7 demonic crawlers
  A catoblepas zombie (Crypt:1)
  28 yaktaurs
  A yellow draconian zombie (Crypt:3)
  A green draconian zombie (Crypt:2)
  7 ice devils (IceCv)
  11 komodo dragons
  2 efreet
  2 kobold demonologists (Crypt:3)
  7 freezing wraiths
  A hellwing (Depths:3)
  A komodo dragon (shapeshifter) (Vaults:1)
  31 guardian mummies
  An ancient zyme (Abyss:4)
  A red devil (Depths:3)
  7 trolls
  2 tyrant leeches
  26 jumping spiders
  A meliai (Spider:3)
  2 queen bees
  6 tengu conjurers
  A jumping spider (shapeshifter) (Vaults:4)
  25 hornets
  6 polar bears
  4 dream sheep (Lair:6)
  8 bog bodies
  Prince Ribbit (D:8)
  37 slime creatures
  19 blink frogs
  A raiju (shapeshifter) (Vaults:4)
  A fire dragon zombie (Crypt:1)
  11 hippogriffs
  An iron dragon simulacrum (Depths:3)
  10 flying skulls
  11 air elementals
  27 water elementals
  36 tarantellas
  A centaur simulacrum (D:15)
  10 ushabtiu
  89 redbacks
  A tarantella (shapeshifter) (Vaults:5)
  12 wraiths
  A ynoxinul (Depths:1)
  10 basilisks
  7 shadows
  8 fire elementals
  41 yaks
  A vampire (D:10)
  5 wyverns
  A hog (shapeshifter) (Depths:1)
  A yak (shapeshifter) (Depths:2)
  A golden eye (shapeshifter) (Elf:2)
  2 golden eyes (Depths:3)
  2 hungry ghosts
  4 steam dragons
  15 vampire mosquitoes
  A swamp worm (shapeshifter) (D:13)
  Menkaure (D:4)
  14 swamp worms
  11 wargs
  2 elf simulacra
  A glowing shapeshifter zombie (Crypt:2)
  5 insubstantial wisps (Swamp:2)
  13 water moccasins
  A naga (shapeshifter) (Vaults:5)
  4 acid dragons
  4 hell hounds
  12 soldier ants
  2 small abominations (Abyss:4)
  3 sky beasts
  A torturous demonspawn skeleton (Crypt:1)
  4 porcupines
  A snapping turtle zombie (Tomb:1)
  A black bear (D:5)
  4 ice beasts
  32 orc warriors
  14 swamp drakes
  3 phantoms
  A dream sheep zombie (Crypt:3)
  An eye of draining (shapeshifter) (Depths:4)
  An ettin simulacrum (Vaults:1)
  6 eyes of draining
  2 necrophages (Crypt:1)
  9 boggarts
  26 ogres
  An ogre (shapeshifter) (D:13)
  A wolf (shapeshifter) (Depths:4)
  A boggart (shapeshifter) (Depths:5)
  30 centaurs
  A big kobold (D:7)
  19 crocodiles
  13 bullfrogs
  A draconian skeleton (Crypt:3)
  A gnoll sergeant (D:8)
  A wyvern zombie (D:15)
  2 salamander skeletons
  3 earth elementals
  5 scorpions
  2 wyvern skeletons
  A water moccasin skeleton (D:8)
  42 killer bees
  A human simulacrum (Vaults:2)
  A yak zombie (Crypt:1)
  5 electric eels (Lair:5)
  4 wights (Crypt:1)
  4 draconian simulacra (IceCv)
  2 howler monkeys
  A wolf zombie (Crypt:3)
  9 crimson imps
  2 lava snakes
  2 bullfrog zombies (D:12)
  6 hounds
  4 quasits
  50 orc wizards
  14 orc priests
  An iron imp (Depths:3)
  11 jellies
  6 centaur skeletons
  9 iguanas
  Natasha (thrice) (D:3)
  24 worker ants
  A porcupine zombie (Crypt:3)
  A spriggan simulacrum (IceCv)
  3 troll simulacra (IceCv)
  A tengu zombie (Crypt:1)
  An acid dragon skeleton (Crypt:2)
  A deep dwarf skeleton (Crypt:3)
  An ogre skeleton (Crypt:2)
  A hound skeleton (D:4)
  16 mummies
  A howler monkey skeleton (D:7)
  2 worker ant zombies
  10 gnolls
  2 naga simulacra (IceCv)
  5 adders
  3 shadow imps
  13 white imps
  An ufetubus (Depths:3)
  9 oozes
  A worm zombie (Crypt:1)
  2 dart slugs (D:1)
  3 worms (D:2)
  2 leopard geckos
  122 orcs
  3 bats
  4 giant cockroaches
  10 goblins
  7 hobgoblins
  4 jackals (D:1)
  20 kobolds
  A quokka (D:8)
  2 ball python skeletons
  A ball python zombie (Crypt:3)
  5 frilled lizards
  A frilled lizard zombie (Crypt:1)
  2 giant cockroach zombies (D:6)
  A jackal skeleton (D:7)
  A quokka skeleton (D:4)
  A quokka zombie (D:5)
  A rat (D:1)
  3 crawling corpses
  A fire vortex (Elf:2)
  A fungus (Lair:5)
  3 plants
  A withered plant (Crypt:3)
2424 creatures vanquished.

Vanquished Creatures (collateral kills)
  A ghost moth (Spider:2)
1 creature vanquished.

Vanquished Creatures (others)
  A shadow dragon (Vaults:5)
  A merfolk javelineer (Depths:5)
  A vault guard (Vaults:5)
  A deep elf knight (Elf:2)
  A spriggan (Swamp:4)
  A flayed ghost (D:13)
  A deep elf mage (Elf:2)
  A hornet (Swamp:4)
  3 dream sheep (Lair:6)
  A tarantella (Spider:3)
  An ogre (Vaults:4)
  An elephant skeleton (Crypt:2)
  A worker ant (Spider:2)
  3 mummies (Tomb:1)
  12 bushes
  A crawling corpse (Vaults:4)
  7 demonic plants (Abyss:4)
  11 fungi (Lair:6)
  20 plants
  6 starspawn tentacles (Abyss:4)
  4 withered plants (Crypt:3)
79 creatures vanquished.

Grand Total: 2504 creatures vanquished

Notes
Turn   | Place    | Note
-------+----------+-------------------------------------------
     0 | D:1      | myopia the Halfling Hunter began the quest for the Orb.
     0 | D:1      | Reached XP level 1. HP: 14/14 MP: 1/1
   211 | D:1      | Reached XP level 2. HP: 19/19 MP: 2/2
   454 | D:1      | Reached XP level 3. HP: 24/24 MP: 3/3
   721 | D:2      | Found a snail-covered altar of Cheibriados.
   730 | D:2      | Found a faded altar of an unknown god.
   793 | D:2      | Reached XP level 4. HP: 29/29 MP: 4/4
   888 | D:2      | Found a hide-covered altar of Uskayaw.
  1009 | D:2      | Found a basalt altar of Yredelemnul.
  1342 | D:3      | Reached XP level 5. HP: 29/34 MP: 5/5
  1527 | D:3      | Found a sacrificial altar of Ru.
  1744 | D:3      | Reached XP level 6. HP: 39/39 MP: 6/6
  1779 | D:3      | Noticed Natasha
  1788 | D:3      | Killed Natasha
  1788 | D:3      | Reached skill level 10 in Slings
  1892 | D:3      | Found a bloodstained altar of Trog.
  1892 | D:3      | Noticed an eye of draining
  1892 | D:3      | Noticed an eye of draining
  1906 | D:3      | Killed an eye of draining
  1918 | D:3      | Killed an eye of draining
  1918 | D:3      | Reached XP level 7. HP: 44/44 MP: 0/7
  1982 | D:3      | Noticed Natasha
  1987 | D:3      | Killed Natasha
  2226 | D:3      | Noticed Natasha
  2231 | D:3      | Killed Natasha
  2491 | D:4      | Noticed Menkaure
  2494 | D:4      | Killed Menkaure
  2502 | D:4      | Found a glowing golden altar of the Shining One.
  2851 | D:4      | Found a stormy altar of Qazlal.
  3257 | D:5      | Entered Level 5 of the Dungeon
  3261 | D:5      | Reached XP level 8. HP: 38/49 MP: 8/8
  3889 | D:5      | Found a blossoming altar of Fedhas.
  3952 | D:5      | Found Vial's Antique Armour Shop.
  3958 | D:5      | Bought a fine ring mail for 252 gold pieces
  3968 | D:5      | Identified the +5 ring mail of the Vacuum {+Inv Int-5 Dex+5} (You bought it in a shop on level 5 of the Dungeon)
  4245 | D:5      | Gained mutation: You are dopey. (Int -2) [potion of mutation]
  4562 | D:6      | Found a staircase to the Ecumenical Temple.
  4602 | Temple   | Entered the Ecumenical Temple
  4728 | Temple   | Became a worshipper of Warmaster Okawaru
  4806 | D:6      | Found an ornate altar of the Wu Jian Council.
  4816 | D:6      | Reached XP level 9. HP: 40/54 MP: 9/9
  4817 | D:6      | Reached skill level 15 in Slings
  5542 | D:7      | Reached * piety under Okawaru
  5561 | D:7      | Found a glowing silver altar of Zin.
  6065 | D:8      | Noticed Maurice
  6066 | D:8      | Noticed Prince Ribbit
  6075 | D:8      | Killed Maurice
  6075 | D:8      | Reached ** piety under Okawaru
  6089 | D:8      | Killed Prince Ribbit
  6089 | D:8      | Reached XP level 10. HP: 57/60 MP: 10/10
  6430 | D:8      | Identified the Tome of Warped Good Luck
  6635 | D:8      | Reached *** piety under Okawaru
  6642 | D:8      | Noticed a two-headed ogre
  6663 | D:8      | Killed a two-headed ogre
  6829 | D:8      | Found a staircase to the Lair.
  6872 | D:8      | Found a radiant altar of Vehumet.
  6872 | D:8      | Found a shattered altar of Ashenzari.
  6953 | D:8      | Noticed Joseph
  6994 | D:8      | Killed Joseph
  6994 | D:8      | Reached skill level 5 in Fighting
  7290 | D:8      | Found an ancient bone altar of Kikubaaqudgha.
  7567 | D:8      | Lost intelligence.
  7644 | Lair:1   | Entered Level 1 of the Lair of Beasts
  7644 | Lair:1   | Noticed a spiny frog
  7649 | Lair:1   | Found the +2 robe of Vines {NoPotionHeal Regen+7}
  7657 | Lair:1   | Killed a spiny frog
  7657 | Lair:1   | Reached XP level 11. HP: 12/74 MP: 11/11
  7851 | Lair:1   | Reached **** piety under Okawaru
  8614 | Lair:2   | Noticed Erica
  8623 | Lair:2   | Killed Erica
  8623 | Lair:2   | Reached skill level 10 in Fighting
  8666 | Lair:2   | Reached skill level 1 in Invocations
  8701 | Lair:2   | Found a hole to the Spider Nest.
  8981 | Lair:2   | Reached ***** piety under Okawaru
  9029 | Lair:2   | Reached skill level 5 in Invocations
  9029 | Lair:2   | Reached XP level 12. HP: 74/87 MP: 15/15
  9657 | Lair:3   | Noticed a six-headed hydra
  9665 | Lair:3   | Killed a six-headed hydra
  9691 | Lair:3   | Noticed a death yak
  9693 | Lair:3   | Noticed a death yak
  9695 | Lair:3   | Noticed a death yak
  9732 | Lair:3   | Killed a death yak
  9824 | Lair:3   | Killed a death yak
  9853 | Lair:3   | Killed a death yak
  9954 | Lair:3   | Received a gift from Okawaru
 10022 | Lair:3   | Reached skill level 5 in Dodging
 10195 | Lair:3   | Found a staircase to the Swamp.
 10238 | Lair:3   | Received a gift from Okawaru
 10756 | Lair:4   | Received a gift from Okawaru
 10823 | Lair:4   | Received a gift from Okawaru
 11127 | Lair:4   | Reached XP level 13. HP: 92/92 MP: 19/19
 11170 | Lair:4   | Received a gift from Okawaru
 12106 | Lair:5   | Reached skill level 10 in Dodging
 12216 | Lair:5   | Noticed Rupert
 12280 | Lair:5   | Killed Rupert
 12338 | Lair:5   | Noticed a six-headed hydra
 12351 | Lair:5   | Killed a six-headed hydra
 13257 | Lair:5   | Learned a level 1 spell: Infusion
 13274 | Lair:6   | Entered Level 6 of the Lair of Beasts
 13517 | Lair:6   | Received a gift from Okawaru
 13713 | Lair:6   | Found a staircase to the Slime Pits.
 13926 | Lair:6   | Received a gift from Okawaru
 13933 | Lair:6   | Received a gift from Okawaru
 13933 | Lair:6   | Reached XP level 14. HP: 99/99 MP: 17/20
 14230 | Lair:6   | Received a gift from Okawaru
 14653 | Lair:6   | Lost mutation: You are dopey. (Int -2) [potion of mutation]
 14653 | Lair:6   | Gained mutation: You tend to lose your temper in combat. [potion of mutation]
 14653 | Lair:6   | Gained mutation: You are partially covered in iridescent scales. (AC +2) [potion of mutation]
 14729 | Lair:6   | Reached skill level 15 in Dodging
 14829 | Lair:6   | Got a bloodstained spear
 14830 | Lair:6   | Identified the cursed +2 spear of Urgency {drain, rF- rN+ Str+4 Stlth+} (You found it on level 6 of the Lair of Beasts)
 15865 | Lair:6   | Noticed Snorg
 15889 | Lair:6   | Killed Snorg
 15976 | Lair:6   | Received a gift from Okawaru
 15977 | Lair:6   | Got a smoking hunting sling {god gift}
 15978 | Lair:6   | Identified the +10 hunting sling of Okawaru's Reproof {freeze, rC+ Int+2} (Okawaru gifted it to you on level 6 of the Lair of Beasts)
 16078 | Lair:6   | Found a large runed door.
 16090 | Lair:6   | Found a large runed door.
 16333 | D:8      | Reached skill level 1 in Shields
 16722 | D:9      | Found a staircase to the Orcish Mines.
 16933 | D:9      | Found an opulent altar of Gozag.
 17202 | D:10     | Entered Level 10 of the Dungeon
 17244 | D:10     | Reached XP level 15. HP: 103/103 MP: 21/21
 17444 | D:10     | Reached skill level 5 in Shields
 18189 | D:11     | Received a gift from Okawaru
 18254 | D:11     | Found a shimmering altar of Xom.
 18354 | D:11     | Got a steaming long sword
 18355 | D:11     | Identified the cursed +0 long sword of Welfare {drain, -Tele Str+2 Dex+2 Stlth+} (You found it on level 11 of the Dungeon)
 18540 | D:11     | Identified a scroll of acquirement
 18542 | D:11     | Got a translucent hat
 18553 | D:11     | Identified the +2 hat of Etujus {Dex+2} (You acquired it on level 11 of the Dungeon)
 18823 | D:12     | Received a gift from Okawaru
 18955 | D:12     | Got a scorched scale mail
 19048 | D:12     | Received a gift from Okawaru
 19129 | D:12     | Noticed Nessos
 19143 | D:12     | Killed Nessos
 19440 | D:13     | Received a gift from Okawaru
 19499 | D:13     | Paralysed by a floating eye for 2 turns
 19506 | D:13     | Paralysed by a floating eye for 4 turns
 19513 | D:13     | Paralysed by a floating eye for 2 turns
 19566 | D:13     | Reached skill level 10 in Shields
 19799 | D:13     | Found Esyxyi's Distillery.
 19977 | D:13     | Found a bloodstained altar of Trog.
 19997 | D:13     | Reached ****** piety under Okawaru
 20383 | D:13     | Bought a potion of haste for 150 gold pieces
 20383 | D:13     | Bought a potion of haste for 150 gold pieces
 20560 | D:13     | Reached XP level 16. HP: 109/109 MP: 22/22
 20757 | D:13     | Received a gift from Okawaru
 20900 | D:13     | Identified the cursed +1 scale mail of Indemnity {MR+ Regen+} (You found it on level 12 of the Dungeon)
 21054 | Orc:1    | Entered Level 1 of the Orcish Mines
 21154 | Orc:2    | Entered Level 2 of the Orcish Mines
 21426 | Orc:2    | Found Zumif's Food Shoppe.
 21426 | Orc:2    | Found Finau's Antique Weapon Boutique.
 21606 | Orc:2    | Found a roughly hewn altar of Beogh.
 21703 | Orc:2    | Found Qeomon's Distillery.
 21703 | Orc:2    | Found Fucke's Antique Weapon Boutique.
 21803 | Orc:2    | Found a staircase to the Elven Halls.
 21808 | Orc:2    | Found Woluel's Food Shop.
 22499 | Orc:1    | Noticed Fannar
 22519 | Orc:1    | Killed Fannar
 23055 | D:14     | Found a gate to the Vaults.
 23121 | D:14     | Found a frozen archway.
 23209 | IceCv    | Entered an ice cave
 23625 | IceCv    | Got a scorched leather armour
 23791 | D:14     | Noticed Josephine
 23815 | D:14     | Killed Josephine
 24276 | D:14     | Reached skill level 15 in Shields
 24398 | D:14     | Received a gift from Okawaru
 24650 | D:15     | Entered Level 15 of the Dungeon
 25247 | D:15     | Received a gift from Okawaru
 25405 | D:15     | Found a staircase to the Depths.
 25576 | D:15     | Reached XP level 17. HP: 112/115 MP: 23/23
 25940 | Elf:1    | Entered Level 1 of the Elven Halls
 26327 | Elf:1    | Noticed barbarian's ghost (veteran FoFi)
 26586 | Elf:1    | Killed barbarian's ghost
 26708 | Elf:1    | Received a gift from Okawaru
 27719 | Elf:2    | Found a runed gate.
 27720 | Elf:2    | Found a runed gate.
 27751 | Elf:2    | Found a runed gate.
 27790 | Elf:2    | Found Qacab's Distillery.
 27808 | Elf:2    | Bought a potion of heal wounds for 55 gold pieces
 27808 | Elf:2    | Bought a potion of heal wounds for 55 gold pieces
 27808 | Elf:2    | Bought a potion of curing for 33 gold pieces
 27808 | Elf:2    | Bought a potion of curing for 33 gold pieces
 27808 | Elf:2    | Bought 2 potions of curing for 66 gold pieces
 27808 | Elf:2    | Bought a potion of curing for 33 gold pieces
 27808 | Elf:2    | Bought a potion of curing for 33 gold pieces
 27953 | Elf:2    | Found Tigaeh's Elven Fire.
 28612 | Elf:2    | Received a gift from Okawaru
 28766 | Elf:2    | Reached XP level 18. HP: 118/120 MP: 24/24
 29510 | Elf:3    | Entered Level 3 of the Elven Halls
 29671 | Elf:3    | Cast into level 4 of the Abyss (a deep elf sorcerer)
 29671 | Abyss:4  | Found a corrupted altar of Lugonu.
 29671 | Abyss:4  | Found a corrupted altar of Lugonu.
 29704 | Abyss:4  | Found a stormy altar of Qazlal.
 29883 | Elf:3    | Escaped the Abyss
 30341 | Elf:3    | Found Celecrut's Weapon Shoppe.
 30374 | Elf:3    | Bought 30 stones for 45 gold pieces
 30374 | Elf:3    | Bought 9 stones for 13 gold pieces
 30478 | Elf:3    | Found Ciela's Gadget Emporium.
 30478 | Elf:3    | Found Keiqucem's Jewellery Shop.
 30479 | Elf:3    | Found Epicleoh's Gadget Emporium.
 30488 | Elf:3    | Bought a ring of the Octopus King {rCorr AC+1 EV+1 Str+1 Int+1 Dex+1} for 875 gold pieces
 30488 | Elf:3    | Found the ring of the Octopus King {rCorr AC+1 EV+1 Str+1 Int+1 Dex+1}
 30782 | Elf:3    | Got a crude iron ring
 30784 | Elf:3    | Identified the ring of Omua {rC+ MR+ Dex+4} (You took it off a deep elf archer on level 3 of the Elven Halls)
 30809 | Elf:3    | Noticed an Executioner
 31015 | Elf:3    | Received a gift from Okawaru
 31258 | Elf:3    | Noticed a deep elf master archer
 31277 | Elf:3    | Killed a deep elf master archer
 31746 | Elf:3    | Reached XP level 19. HP: 89/129 MP: 25/25
 31844 | Elf:3    | Received a gift from Okawaru
 32449 | Elf:3    | Identified the +1 leather armour "Sefoykk" {rF+} (You found it in an ice cave)
 32516 | Elf:3    | Found the +15 Maxwell's patent armour {-Cast -Tele rElec MR+ rCorr}
 32546 | Elf:3    | Identified the Catalogue of Ensnaring Boosts
 32563 | Elf:3    | Identified Picver's Reference Book on the Congealing Rocks
 32579 | Elf:3    | Got a distressingly furry ring mail
 32590 | Elf:3    | Identified the +2 ring mail of the Trout {SInv} (You found it on level 3 of the Elven Halls)
 32642 | Elf:3    | Reached skill level 1 in Armour
 33600 | Swamp:1  | Entered Level 1 of the Swamp
 34161 | Swamp:1  | Reached skill level 5 in Armour
 34540 | Swamp:1  | Found an ancient bone altar of Kikubaaqudgha.
 34727 | Swamp:2  | Noticed Donald
 34762 | Swamp:2  | Killed Donald
 35488 | Swamp:2  | Received a gift from Okawaru
 36224 | Swamp:3  | Received a gift from Okawaru
 36638 | Swamp:4  | Entered Level 4 of the Swamp
 36654 | Swamp:4  | Noticed Gorice's ghost (adept DsWn)
 36771 | Swamp:4  | Killed Gorice's ghost
 36829 | Swamp:4  | Received a gift from Okawaru
 37109 | Swamp:4  | Reached skill level 10 in Armour
 37260 | Swamp:4  | Reached XP level 20. HP: 123/139 MP: 26/26
 37353 | Swamp:4  | Received a gift from Okawaru
 37491 | Swamp:4  | Received a gift from Okawaru
 37492 | Swamp:4  | Got a faintly glowing ring mail {god gift}
 37534 | Swamp:4  | Identified the +2 ring mail of Grace {MP+9} (Okawaru gifted it to you on level 4 of the Swamp)
 37825 | Swamp:4  | Got a decaying rune of Zot
 38232 | Depths:1 | Entered Level 1 of the Depths
 38272 | D:15     | Learned a level 3 spell: Ozocubu's Armour
 39188 | Depths:1 | Found a gateway to Hell.
 39439 | Depths:1 | HP: 1/139 [hellion/damnation (22)]
 39681 | Depths:1 | Got a transparent mace
 39760 | Depths:1 | Found a one-way gate leading to the halls of Pandemonium.
 40306 | Depths:2 | Reached skill level 1 in Charms
 40876 | Depths:2 | Reached skill level 5 in Charms
 41057 | Depths:2 | Reached skill level 1 in Spellcasting
 41179 | Depths:2 | Received a gift from Okawaru
 41421 | Depths:2 | Reached XP level 21. HP: 144/144 MP: 27/27
 41589 | Depths:2 | Found a runed door.
 41644 | Depths:2 | Reached skill level 5 in Spellcasting
 41736 | Depths:2 | Received a gift from Okawaru
 42166 | Depths:2 | Received a gift from Okawaru
 42282 | Depths:2 | Noticed a golden dragon
 42378 | Depths:2 | Killed a golden dragon
 42558 | Depths:2 | Noticed a golden dragon
 42625 | Depths:1 | Upgraded the game from 0.21.0-3-g78d12a8 to 0.21.0-24-g2553a33
 42793 | Depths:2 | Killed a golden dragon
 43427 | Depths:2 | Learned a level 1 spell: Summon Butterflies
 43468 | Depths:2 | Identified the +6 mace of Turmoil {freeze, rElec rF- Int+5 Stlth+} (You found it on level 1 of the Depths)
 43735 | Depths:2 | Identified the Almanac of Translocation and Envenoming
 43914 | Depths:2 | Got a smoking iron amulet
 43916 | Depths:2 | Identified the amulet "Boiroorgh" {Faith rN+ Dex+4} (You found it on level 2 of the Depths)
 43990 | Depths:2 | HP: 5/144 [stone giant (32)]
 44000 | Depths:2 | Got a pitted platinum ring
 44010 | Depths:2 | Identified the ring "Wagegam" {rPois EV+3 Dex+2} (You found it on level 2 of the Depths)
 44400 | Depths:2 | Received a gift from Okawaru
 44646 | Depths:2 | Reached XP level 22. HP: 150/150 MP: 31/31
 44797 | Depths:2 | Received a gift from Okawaru
 45012 | Depths:3 | Noticed the Enchantress
 45029 | Depths:3 | Received a gift from Okawaru
 45531 | Depths:3 | Killed the Enchantress
 45534 | Depths:3 | Got faerie dragon scales
 45699 | Depths:3 | Found a gateway to a ziggurat.
 47068 | Depths:3 | Got a bound tin ring
 47204 | Depths:3 | Received a gift from Okawaru
 47339 | Depths:3 | Received a gift from Okawaru
 48467 | Depths:3 | Received a gift from Okawaru
 48619 | Depths:3 | Received a gift from Okawaru
 48661 | Depths:3 | Reached XP level 23. HP: 125/155 MP: 32/32
 48747 | Depths:3 | Received a gift from Okawaru
 48784 | Depths:3 | Identified the cursed ring of Dishonour {rElec rC- rN++ Int-2 Dex-3 Stlth+} (You took it off a wizard on level 3 of the Depths)
 48790 | Depths:3 | Got an encrusted buckler {god gift}
 48801 | Depths:3 | Identified the +2 buckler of Okawaru's Condemnation {rC+ Stlth+} (Okawaru gifted it to you on level 3 of the Depths)
 49775 | Depths:4 | Found a one-way gate to the infinite horrors of the Abyss.
 50322 | Depths:5 | Entered Level 5 of the Depths
 51133 | Depths:5 | Noticed a golden dragon
 51225 | Depths:4 | Killed a golden dragon
 51225 | Depths:4 | Received a gift from Okawaru
 51866 | Depths:5 | Received a gift from Okawaru
 52193 | Depths:5 | Noticed a golden dragon
 52193 | Depths:5 | Noticed a golden dragon
 52252 | Depths:4 | Killed a golden dragon
 52307 | Depths:4 | Killed a golden dragon
 52307 | Depths:4 | Received a gift from Okawaru
 52743 | Depths:5 | Found a gate to the Realm of Zot.
 53353 | D:15     | Learned a level 2 spell: Swiftness
 53357 | D:15     | Learned a level 3 spell: Portal Projectile
 53361 | D:15     | Learned a level 3 spell: Recall
 53367 | D:15     | Learned a level 5 spell: Silence
 53374 | D:15     | Learned a level 6 spell: Deflect Missiles
 53565 | Spider:1 | Entered Level 1 of the Spider Nest
 53612 | Spider:1 | Reached skill level 1 in Air Magic
 53735 | Spider:1 | Reached XP level 24. HP: 163/163 MP: 32/32
 53929 | Spider:1 | Received a gift from Okawaru
 54442 | Spider:2 | Reached skill level 5 in Air Magic
 54806 | Spider:2 | Noticed Arachne
 54855 | Spider:2 | Killed Arachne
 55772 | Spider:3 | Found a transporter.
 55932 | Spider:3 | Noticed Bai Suzhen
 55979 | Spider:3 | Killed Bai Suzhen
 55979 | Spider:3 | Received a gift from Okawaru
 56042 | Spider:3 | Identified the Catalogue of the Warped Mountains
 56317 | Spider:3 | Found a transporter.
 56322 | Spider:3 | Got a crude emerald amulet
 56340 | Spider:3 | Got a warped iron ring
 56347 | Spider:3 | Identified the ring "Qobej" {Ice +Fly rPois Str+5 Stlth-} (You found it on level 3 of the Spider Nest)
 56405 | Spider:3 | Reached skill level 1 in Hexes
 56735 | Spider:4 | Entered Level 4 of the Spider Nest
 56856 | Spider:4 | Reached skill level 1 in Translocations
 57709 | Spider:4 | Received a gift from Okawaru
 57883 | Spider:4 | Got a gossamer rune of Zot
 57919 | Spider:4 | Upgraded the game from 0.21.0-24-g2553a33 to 0.21.0-25-ge575cb9
 58167 | Vaults:1 | Entered Level 1 of the Vaults
 58180 | Vaults:1 | Reached skill level 5 in Translocations
 58359 | D:14     | Reached skill level 5 in Hexes
 58787 | Vaults:1 | Reached XP level 25. HP: 167/169 MP: 33/33
 58884 | Vaults:1 | Found an iron altar of Okawaru.
 58884 | Vaults:1 | Noticed Jorgrun
 58907 | Vaults:1 | Killed Jorgrun
 59269 | Vaults:1 | Noticed Asterion
 59340 | Vaults:1 | Killed Asterion
 59391 | Vaults:1 | Found Cenley's Gadget Shoppe.
 59746 | Vaults:1 | Received a gift from Okawaru
 59775 | Vaults:1 | Lost mutation: You are partially covered in iridescent scales. (AC +2) [potion of mutation]
 59775 | Vaults:1 | Lost mutation: You tend to lose your temper in combat. [potion of mutation]
 60436 | Vaults:2 | Received a gift from Okawaru
 61016 | Vaults:2 | Reached skill level 10 in Translocations
 62485 | Vaults:3 | Received a gift from Okawaru
 62694 | Vaults:3 | Received a gift from Okawaru
 63005 | Vaults:3 | Found a staircase to the Crypt.
 63593 | Vaults:4 | Reached XP level 26. HP: 175/175 MP: 35/35
 64038 | Vaults:4 | Received a gift from Okawaru
 64596 | Vaults:4 | Received a gift from Okawaru
 65109 | Vaults:4 | Received a gift from Okawaru
 65262 | Vaults:5 | Entered Level 5 of the Vaults
 65505 | Vaults:4 | Received a gift from Okawaru
 65817 | Vaults:5 | Identified the amulet "Tikkapija" {RegenMP Int+3} (You found it on level 3 of the Spider Nest)
 65922 | Vaults:5 | Reached skill level 15 in Fighting
 66023 | Vaults:4 | Received a gift from Okawaru
 66794 | Vaults:5 | Received a gift from Okawaru
 66815 | Vaults:5 | Reached XP level 27. HP: 167/189 MP: 32/35
 66839 | Vaults:5 | Received a gift from Okawaru
 66897 | Vaults:5 | HP: 8/189 [tengu reaver/great mace of venom (8)]
 68196 | Vaults:4 | Received a gift from Okawaru
 69182 | Vaults:5 | Identified the Handbook of the Entourage
 69262 | Vaults:5 | Got a steaming ivory ring
 69264 | Vaults:5 | Identified the ring of Aloic {AC+5 Str-4 Dex+5} (You found it on level 5 of the Vaults)
 69359 | Vaults:5 | Upgraded the game from 0.21.0-25-ge575cb9 to 0.21.0-26-g889b8f6
 69431 | Vaults:5 | Found Daoqaqaiw's Food Boutique.
 69501 | Vaults:5 | Got a silver rune of Zot
 69504 | Vaults:5 | Got a bloodstained leather armour
 69505 | Vaults:5 | Identified the +1 leather armour of Focus {*Corrode +Fly Regen+ Stlth-} (You found it on level 5 of the Vaults)
 69596 | Vaults:5 | Got a bronze ring mail
 69598 | Vaults:5 | Identified the cursed +0 ring mail of Love and Death {Int+4 Slay+3} (You found it on level 5 of the Vaults)
 69679 | Vaults:5 | Received a gift from Okawaru
 69911 | Vaults:5 | Found Teduaxio's Food Shoppe.
 69922 | Vaults:5 | Found Ommidgh Zofi's Distillery.
 69926 | Vaults:5 | Bought a potion of curing for 39 gold pieces
 69926 | Vaults:5 | Bought a potion of heal wounds for 65 gold pieces
 70081 | Vaults:5 | Got a vibrating lead amulet
 70082 | Vaults:5 | Identified the amulet "Ekherph" {Inacc rN+ Dex+4} (You found it on level 5 of the Vaults)
 70285 | Crypt:1  | Entered Level 1 of the Crypt
 70420 | Crypt:1  | Received a gift from Okawaru
 72106 | Crypt:2  | Received a gift from Okawaru
 72413 | Crypt:2  | Gained mutation: Your system is resistant to poisons. (rPois) [potion of mutation]
 72413 | Crypt:2  | Gained mutation: You have large cloven feet. [potion of mutation]
 72680 | Crypt:2  | Noticed Saint Roka
 72705 | Crypt:2  | Killed Saint Roka
 72705 | Crypt:2  | Received a gift from Okawaru
 73074 | Crypt:3  | Entered Level 3 of the Crypt
 73384 | Crypt:3  | Found a staircase to the Tomb.
 73492 | Crypt:3  | Received a gift from Okawaru
 73493 | Crypt:3  | Got a pair of warped boots {god gift}
 73494 | Crypt:3  | Identified the +0 pair of boots "Nebeadakh" {rN+ rCorr Str-3 Int+2} (Okawaru gifted it to you on level 3 of the Crypt)
 74709 | Crypt:3  | Found a deep blue altar of Sif Muna.
 74774 | Crypt:3  | Got a smoking bronze amulet
 74876 | Crypt:3  | Identified the Catalogue of Calling
 74882 | Crypt:3  | Learned a level 3 spell: Summon Guardian Golem
 74893 | Crypt:3  | Learned a level 2 spell: Shroud of Golubria
 74897 | Crypt:3  | Learned a level 3 spell: Regeneration
 74903 | Crypt:3  | Got a transparent chain mail
 74904 | Crypt:3  | Identified the amulet "Waotretwe" {RegenMP *Slow rElec rN+++ SInv} (You took it off a vampire mage on level 3 of the Crypt)
 74905 | Crypt:3  | Identified the +1 chain mail "Pefaof" {-Cast +Fly rPois Str+9} (You took it off an orc high priest on level 3 of the Crypt)
 75291 | Crypt:3  | Upgraded the game from 0.21.0-26-g889b8f6 to 0.21.0-30-g47ce8e4
 75427 | Crypt:3  | Reached skill level 1 in Necromancy
 75531 | Crypt:3  | Noticed a greater mummy
 75540 | Crypt:3  | Gained mutation: Scrolls take you a little longer to read. [a neqoxec]
 75621 | Crypt:3  | Killed a greater mummy
 76192 | Crypt:3  | Got a polished falchion {freeze}
 76201 | Crypt:3  | Identified the +8 falchion "Koinorgh" {freeze, +Inv +Fly} (You took it off a mummy priest on level 3 of the Crypt)
 76295 | Crypt:3  | Identified Issop's Grimoire of the Earthen Frostbite
 76857 | Tomb:1   | Entered Level 1 of the Tomb of the Ancients
 76991 | Tomb:1   | Received a gift from Okawaru
 77064 | Tomb:1   | Reached skill level 5 in Necromancy
 77269 | Tomb:1   | Noticed a greater mummy
 77311 | Tomb:1   | Killed a greater mummy
 77311 | Tomb:1   | Received a gift from Okawaru
 77624 | Tomb:1   | HP: 4/201 [lich/crystal spear (46)]
 77952 | Tomb:1   | Noticed a greater mummy
 77999 | Tomb:1   | Noticed a greater mummy
 78446 | Tomb:1   | Killed a greater mummy
 78446 | Tomb:1   | Received a gift from Okawaru
 78705 | Tomb:1   | HP: 10/201 [??? (3)]
 78708 | Tomb:1   | Slain by a golden dragon skeleton

Skill      XL: |  1  2  3  4  5  6  7  8  9 10 11 12 13 14 15 16 17 18 19 20 21 22 23 24 25 26 27 |
---------------+----------------------------------------------------------------------------------+-----
Slings         | 6 7 9 11 12 14 17 18 20 22 | 22.0
Fighting       | 6 10 11 12 13 15 20 | 20.0
Invocations    | 5 8 |  8.6
Dodging        | 8 13 15 16 17 20 22 | 22.2
Shields        | 4 12 16 19 20 21 22 | 22.0
Armour         | 10 14 | 14.0
Charms         | 5 7 8 |  8.3
Spellcasting   | 3 6 7 8 |  8.0
Ice Magic      | 3 |  3.0
Air Magic      | 3 7 |  7.2
Hexes          | 5 8 |  8.0
Translocations | 6 10 | 10.0
Necromancy     | 6 |  6.3
Stealth        | |  1.1

Action                   |  1- 3 |  4- 6 |  7- 9 | 10-12 | 13-15 | 16-18 | 19-21 | 22-24 | 25-27 || total
-------------------------+-------+-------+-------+-------+-------+-------+-------+-------+-------++-------
Melee: Dagger            |    17 |       |       |       |       |       |       |       |       ||    17
       Short sword       |       |       |       |       |    46 |       |       |       |       ||    46
       Hunting sling     |       |       |       |       |       |     7 |       |     2 |    23 ||    32
       Quick blade       |       |       |       |       |       |       |       |    84 |       ||    84
       Falchion          |       |       |       |       |       |       |       |       |     6 ||     6
 Fire: Hunting sling     |    61 |   136 |   325 |   875 |  1980 |  2266 |  2464 |  3525 |  4316 || 15948
 Cast: Infusion          |       |       |       |       |     2 |       |       |     2 |       ||     4
       Swiftness         |       |       |       |       |       |       |       |     1 |       ||     1
       Portal Projectile |       |       |       |       |       |       |       |       |    42 ||    42
       Regeneration      |       |       |       |       |       |       |       |       |    40 ||    40
       Summon Guardian G |       |       |       |       |       |       |       |       |     2 ||     2
       Recall            |       |       |       |       |       |       |       |       |     1 ||     1
       Shroud of Golubri |       |       |       |       |       |       |       |       |     1 ||     1
Invok: Heroism           |       |       |       |    12 |    15 |    15 |    36 |    48 |    62 ||   188
       Finesse           |       |       |       |     1 |     5 |     5 |     6 |     7 |    11 ||    35
  Use: Scroll            |     4 |     3 |     7 |     4 |    14 |     7 |    14 |    13 |    37 ||   103
       Potion            |       |       |    11 |     7 |     2 |     9 |    10 |     6 |    20 ||    65
  Eat: Chunk             |       |     3 |     7 |     5 |     8 |     8 |     5 |    11 |    16 ||    63
       Ration            |       |       |     2 |     2 |     6 |     7 |     9 |     8 |    15 ||    49
Armor: Leather armour    |     4 |    23 |     7 |       |       |       |       |       |       ||    34
       Ring mail         |       |       |    13 |    39 |    20 |   151 |   120 |   188 |   174 ||   705
       Robe              |       |       |       |    33 |    95 |       |       |       |       ||   128
       Plate armour      |       |       |       |       |       |       |     3 |       |       ||     3
       Skin              |       |       |       |       |       |       |     1 |       |       ||     1
Dodge: Dodged            |    19 |    35 |    39 |   213 |   920 |   494 |   722 |  1543 |  1412 ||  5397
Block: Buckler           |       |       |       |    70 |   278 |    12 |       |       |       ||   360
       Shield            |       |       |       |       |       |   713 |   935 |  2163 |  2210 ||  6021
